 Dungeon Crawl Stone Soup version 0.31-a0-851-g7ff8af7976 (webtiles) character file.

Game seed: 15497061739753085924

255 randomguy2701 the Conjurer (level 5, -4/28 HPs)
             Began as a Deep Elf Conjurer on Oct 6, 2023.
             Killed from afar by a steam dragon (7 damage)
             ... with a ball of steam
             ... on level 3 of the Dungeon.
             The game lasted 00:04:20 (3808 turns).

randomguy2701 the Conjurer (Deep Elf Conjurer)      Turns: 3808, Time: 00:04:21

Health: -4/28      AC:  4    Str:  4    XL:     5   Next: 91%
Magic:  8/14       EV: 28    Int: 25    God:
Gold:   100        SH:  0    Dex: 13    Spells: 10/13 levels left

rFire   + . .        l - +0 shortbow
rCold   + . .        (shield currently unavailable)
rNeg    . . .        o - +1 robe {rC+}
rPois   .            (no helmet)
rElec   +            (no cloak)
rCorr   .            k - +0 pair of gloves "Ofymerecw" {rElec rF+}
SInv    .            (no boots)
Will    +....        a - amulet of the acrobat
Stlth   ++           d - ring of willpower
HPRegen 0.24/turn    (no ring)
MPRegen 0.14/turn

%: acrobat
@: acrobatic
A: no striking features
a: no special abilities


You were on level 3 of the Dungeon.
You visited 1 branch of the dungeon, and saw 4 of its levels.

You collected 100 gold pieces.

Inventory:

Hand Weapons
 l - a +0 shortbow (weapon)
Armour
 k - the +0 pair of gloves "Ofymerecw" (worn) {rElec rF+}
   (You found it on level 2 of the Dungeon)

   rF+:       It protects you from fire.
   rElec:     It insulates you from electricity.
 o - a +1 robe of cold resistance (worn)
Jewellery
 a - an amulet of the acrobat (around neck)
 d - a ring of willpower (left hand)
Wands
 m - a wand of flame (27)
Scrolls
 c - 2 scrolls of noise {unknown}
 f - 3 scrolls of teleportation {unknown}
 h - 2 scrolls of identify {unknown}
 j - a scroll of blinking {unknown}
 n - a scroll of immolation {unknown}
Potions
 b - a potion of magic
 e - 3 potions of might {unknown}
 g - a potion of degeneration {unknown}
 i - a potion of ambrosia {unknown}
 p - a potion of brilliance {unknown}


   Skills:
 + Level 3.1 Dodging
 - Level 2.4 Stealth
 + Level 4.8 Spellcasting
 + Level 7.0 Conjurations


You had 10 spell levels left.
You knew the following spells:

 Your Spells              Type           Power      Damage    Failure   Level
a - Magic Dart            Conj           100%       1d8       1%          1
b - Searing Ray           Conj           82%        2d7       1%          2

Your spell library contained the following spells:

 Spells                   Type           Power      Damage    Failure   Level
 Dazzling Flash           Conj/Hex       46%        N/A       6%          3
 Fulminant Prism          Conj/Hex       11%        3d9       21%         4
 Iskenderun's Mystic Bla  Conj/Tloc      23%        2d6       21%         4


Dungeon Overview and Level Annotations

Branches:
Dungeon (4/15)
 Temple: D:4-7

Altars:
Fedhas
Wu Jian
Xom

Shops:
D:3 *


Message History

The steam dragon is lightly wounded.
The magic dart hits the steam dragon but does no damage.
The steam dragon is lightly wounded.
The steam dragon bites you. The steam dragon claws you.
The magic dart hits the steam dragon.
The steam dragon is moderately wounded.
The steam dragon breathes steam at you. The ball of steam misses you.
The magic dart hits the steam dragon.
The steam dragon is moderately wounded.
The steam dragon closely misses you. The steam dragon misses you.
The magic dart hits the steam dragon.
The steam dragon is heavily wounded.
The steam dragon closely misses you.
The steam dragon claws you but does no damage.
The magic dart hits the steam dragon.
The steam dragon is heavily wounded.
The steam dragon breathes steam at you. The ball of steam hits you. You resist.
The magic dart hits the steam dragon.
The steam dragon is severely wounded.
The steam dragon bites you! The steam dragon barely misses you.
The magic dart hits the steam dragon but does no damage.
The steam dragon is severely wounded.
The steam dragon bites you. The steam dragon claws you.
* * * LOW HITPOINT WARNING * * *
You are too injured to fight recklessly!
The steam dragon bites you!
* * * LOW HITPOINT WARNING * * *
The steam dragon misses you.
You climb upwards.
There is a stone staircase leading down here.
The steam dragon attacks as it pursues you!
The steam dragon barely misses you. The steam dragon completely misses you.
The steam dragon attacks as it pursues you!
The steam dragon completely misses you. x2
You see here 6 poisoned darts.
The steam dragon breathes steam at you. The ball of steam hits you! You resist.
You die...

# #.# #.# #.# ### # ##.## #.#
###.####. # ##.#.##
#.########........ #
##.###.######.............#.#. #
#.## ##....###########...<#... #
##.###.###.##.......##....###. ###
#..#.## #.##.#####.##....#...
..###.#.## #.##.#####.##.##.#...
.[......# #.##@##.......##.....
...##.#######.##ยง##.##.######.##.
...........##.##D##>##.# #....
...##.####.##.##.......# #####
#.###.# #.##.#####.#### # #.# #.#
#.##.# #.# ########### #.# #.#
##.##.# #.# #..........
#.###.###...#.# #.# #.##.##.###
...##.........# ##.###.##.##.###


You could see a steam dragon (catching breath).

Vanquished Creatures
  A hound (D:4)
  A jelly (D:4)
  Jessica (D:2)
  An orc wizard (D:4)
  7 adders
  A worm (D:2)
  3 orcs
  7 ball pythons
  5 endoplasms
  5 giant cockroaches
  8 goblins
  9 hobgoblins
  6 jackals
  3 quokkas
  4 bats
  4 frilled lizards
  4 kobolds
  5 rats
75 creatures vanquished.

Vanquished Creatures (others)
  An orc (D:4)
1 creature vanquished.

Grand Total: 76 creatures vanquished

Notes
Turn   | Place    | Note
-------+----------+-------------------------------------------
     0 | D:1      | randomguy2701 the Deep Elf Conjurer began the quest for the
                  | Orb.
     0 | D:1      | Reached XP level 1. HP: 10/10 MP: 6/6
   149 | D:1      | Reached XP level 2. HP: 15/15 MP: 1/8
   374 | D:1      | Reached skill level 5 in Conjurations
   991 | D:1      | Reached XP level 3. HP: 19/19 MP: 5/9
  1336 | D:2      | Noticed Jessica
  1342 | D:2      | Reached XP level 4. HP: 24/24 MP: 4/11
  1347 | D:2      | Killed Jessica
  1348 | D:2      | Reached skill level 6 in Conjurations
  1641 | D:2      | Identified the +0 pair of gloves "Ofymerecw" {rElec rF+}
  2225 | D:3      | Found a blossoming altar of Fedhas.
  2310 | D:3      | Reached XP level 5. HP: 28/28 MP: 7/13
  2469 | D:3      | Found an ornate altar of the Wu Jian Council.
  2582 | D:3      | Found Valeih's Assorted Antiques.
  2809 | D:3      | Found a faded altar of an unknown god.
  2812 | D:3      | Found a shimmering altar of Xom.
  3321 | D:2      | Learned a level 2 spell: Searing Ray
  3646 | D:4      | Noticed a steam dragon
  3649 | D:4      | Reached skill level 7 in Conjurations
  3802 | D:4      | HP: 1/28 [steam dragon (7)]
  3808 | D:3      | Killed from afar by a steam dragon

Illustrated notes

Levels and vault maps discovered:
D:1:      minmay_arrival_split_and_join, layout_basic
D:2:      layout_loops_ring, kennysheep_jessica_study
D:3:      layout_loops_ring, fedhas_altar_1, nzn_wu_jian_contemplation,
          nicolae_overflow_ecumenical_swirl, serial_shops,
          nicolae_shop_dealshenge
D:4:      layout_basic, corner_web_ring

Skill      XL: |  1  2  3  4  5 |
---------------+----------------+-----
Conjurations   | 5 6 7 |  7.0
Dodging        | 3 |  3.1
Spellcasting   | 4 |  4.8
Stealth        | |  2.4

Action                     |  1- 3 |  4- 6 || total
---------------------------+-------+-------++-------
   Fire: Shortbow          |       |     1 ||     1
   Cast: Magic Dart        |    67 |   102 ||   169
 Armour: Robe              |     1 |    21 ||    22
  Dodge: Dodged            |     4 |    29 ||    33

Table legend: (Time is in decaauts)
 A = Elapsed time spent in this place.
 B = Non-inter-level travel time spent in this place.
 C = Inter-level travel time spent in this place.
 D = Time resting spent in this place.
 E = Time spent auto-exploring this place.
 F = Levels seen in this place.
 G = Mean time per level.
                   A        B        C        D        E       F      G
               +--------+--------+--------+--------+--------+-----+--------+
         Total |   3810 |   3627 |    183 |      0 |   3237 |   4 |  952.5 |
       Dungeon |   3810 |   3627 |    183 |      0 |   3237 |   4 |  952.5 |
               +--------+--------+--------+--------+--------+-----+--------+

Top non-repeatable levels by time:
     D:2: 1184 daAuts
     D:3: 1103 daAuts
     D:1: 1041 daAuts
     D:4: 480 daAuts
